 Dungeon Crawl Stone Soup version 0.21-a0-521-g1cd18d1148 (webtiles) character file.

12274 Sunsnapper the Sharpshooter (level 12, -3/62 HPs)
             Began as a Kobold Hunter on Dec 5, 2017.
             Was a High Priest of Okawaru.
             Killed from afar by an electric eel (10 damage)
             ... with a bolt of electricity
             ... on level 12 of the Dungeon.
             The game lasted 01:43:58 (11772 turns).

Sunsnapper the Sharpshooter (Kobold Hunter)        Turns: 11772, Time: 01:44:02

Health: -3/62      AC:  8    Str:  9    XL:     12   Next: 18%
Magic:  11/12      EV: 30    Int: 12    God:    Okawaru [*****.]
Gold:   660        SH:  0    Dex: 21    Spells: 11/11 levels left

rFire    . . .     SeeInvis .   a - +1 arbalest
rCold    . . .     Gourm    .   (shield currently unavailable)
rNeg     . . .     Faith    +   F - +1 troll leather armour
rPois    .         Spirit   .   h - +1 hat
rElec    .         Reflect  .   I - scarf {cloud immunity}
rCorr    .         Harm     .   s - +0 pair of gloves
MR       .....                  i - +0 pair of boots
Stlth    ++++......             b - amulet of faith
HPRegen  0.60/turn              L - +2 ring of evasion
MPRegen  0.13/turn              y - +3 ring of evasion

@: no status effects
A: small, carnivore 3
a: Heroism, Finesse, Renounce Religion


You were on level 12 of the Dungeon.
You worshipped Okawaru.
Okawaru was extremely pleased with you.
You were very full.

You visited 2 branches of the dungeon, and saw 13 of its levels.
You also visited: Ossuary.

You collected 660 gold pieces.

Inventory:

Hand Weapons
 a - a +1 arbalest (weapon)
 B - a +2 vampiric dagger
 D - a +1 dagger of speed
 P - a +3 short sword
Armour
 h - a +1 hat (worn)
 i - a +0 pair of boots (worn)
 s - a +0 pair of gloves (worn)
 F - a +1 troll leather armour (worn)
 I - a scarf of cloud immunity (worn)
Jewellery
 b - an amulet of faith (around neck)
 c - an uncursed amulet of faith
 u - an uncursed ring of protection from fire
 y - a +3 ring of evasion (right hand)
 E - a +4 amulet of reflection
 J - an uncursed ring of positive energy
 L - a +2 ring of evasion (left hand)
 R - an uncursed ring of poison resistance {unknown}
Wands
 v - a wand of iceblast (5)
 z - a wand of digging (36)
 G - a wand of flame (81)
 K - a wand of polymorph (18)
 N - a wand of random effects (32)
Scrolls
 e - 3 scrolls of identify
 g - 2 scrolls of fear
 n - 4 scrolls of enchant armour
 p - 8 scrolls of remove curse
 q - 2 scrolls of amnesia
 H - 5 scrolls of magic mapping
 O - 4 scrolls of teleportation
 Q - a scroll of fog
Potions
 j - a potion of agility
 k - a potion of curing
 m - 2 potions of flight
 o - 2 potions of brilliance
 r - 3 potions of might
 w - a potion of mutation {unknown}
 A - a potion of ambrosia
 M - a potion of haste
Books
 l - a book of Party Tricks

   Spells                             Type                      Level
   a - Summon Butterflies             Summoning                    1
   b - Apportation                    Translocation                1
   c - Lesser Beckoning               Translocation                3
   d - Tukima's Dance                 Hexes                        3
   e - Alistair's Intoxication        Transmutation/Poison         5
   f - Invisibility                   Hexes                        6
 t - a book of Debilitation

   Spells                             Type                      Level
   a - Corona                         Hexes                        1
   b - Slow                           Hexes                        2
   c - Inner Flame                    Hexes/Fire                   3
   d - Portal Projectile              Hexes/Translocation          3
   e - Cause Fear                     Hexes                        4
   f - Leda's Liquefaction            Hexes/Earth                  4
Comestibles
 f - 3 meat rations
 C - 5 royal jellies


   Skills:
 - Level 2.1 Fighting
 + Level 6.7 Short Blades
 * Level 16.3 Crossbows
 - Level 12.0 Dodging
 - Level 7.0 Stealth


You had 11 spell levels left.
You didn't know any spells.

Dungeon Overview and Level Annotations

Branches:
Dungeon (12/15)            Temple (1/1) D:5            Lair (0/6) D:10
    Orc: D:9-12

Altars:
Ashenzari
Cheibriados
Dithmenos
Elyvilon
Fedhas
Gozag
Hepliaklqana
Kikubaaqudgha
Makhleb
Nemelex Xobeh
Okawaru
Qazlal
Ru
Sif Muna
Trog
Uskayaw
Vehumet
Wu Jian
Xom
Yredelemnul
Zin
The Shining One

Shops:
D:5 :

Annotations:
D:7 2 runed doors, exclusion: orange crystal statue


Innate Abilities, Weirdness & Mutations

You are small and have problems with some larger weapons.
You are carnivorous and can eat meat at any time.


Message History

You hear a splash.
The electric eel shoots out a bolt of lightning at you!
The bolt of electricity hits you! x2; Something hits you but does no damage.
Firing (i - inventory):
d - a bolt (quivered)
Press: ? - help, Shift-Dir - straight line, f/p - electric eel
Aim: an electric eel (heavily wounded)
You shoot a bolt.
The bolt barely misses the electric eel.
The electric eel shoots out a bolt of lightning at you!
The bolt of electricity hits you!
* * * LOW HITPOINT WARNING * * *
The bolt of electricity misses you. Something closely misses you.
You feel better.
The electric eel shoots out a bolt of lightning at you!
The bolt of electricity hits you!
* * * LOW HITPOINT WARNING * * *
Something barely misses you.
The electric eel shoots out a bolt of lightning at you!
The bolt of electricity hits you!
You die...

#..#..≈≈≈≈≈≈(.###
#..(.≈≈≈≈≈..(..#
##..≈≈≈≈≈≈≈).##.#
....(≈≈≈;≈()(# + #
##..≈(≈≈≈≈(..#
#.##..(≈(≈≈;).≈.#
#.#..≈.≈)≈≈≈.).(#
#...≈P≈P≈≈≈≈.†({#
#..≈P≈≈≈P≈≈..@.#
##≈)≈≈≈≈≈≈...##
###≈≈≈≈≈.≈.))†.+
##≈≈≈≈≈≈.≈...[<.#
#≈≈≈≈≈≈≈P.....).#
#≈≈#≈#P)≈....#####
# #......##
#........##
#.......##


You could see 2 electric eels.

Vanquished Creatures
  A two-headed ogre (D:9)
  An unseen horror (D:10)
  Joseph (D:7)
  Psyche (D:8)
  A gargoyle (D:11)
  A centaur skeleton (D:11)
  2 trolls
  Grinder (D:4)
  Prince Ribbit (D:7)
  2 hippogriffs
  2 wyverns
  8 yaks (D:11)
  Eustachio (D:3)
  2 hungry ghosts
  Duvessa (D:7)
  2 water moccasins
  3 porcupines (D:10)
  2 ice beasts
  2 sky beasts
  4 orc warriors
  2 black bears (D:10)
  2 phantoms
  3 centaurs
  5 ogres
  2 wolves (D:10)
  4 crocodiles
  2 big kobolds (D:8)
  7 elf zombies (Ossuary)
  8 bullfrogs
  A wyvern zombie (D:8)
  Dowan (D:7)
  A scorpion (D:11)
  5 killer bees (D:7)
  10 wights
  An electric eel (D:11)
  5 howler monkeys
  5 crimson imps
  5 centaur zombies
  A quasit (D:10)
  A bullfrog skeleton (D:4)
  5 hounds
  2 jellies
  7 orc priests
  2 human zombies (Ossuary)
  Ijyb (D:3)
  Natasha (thrice) (D:3)
  Terence (D:2)
  5 iguanas
  9 orc wizards
  8 worker ants
  A killer bee zombie (D:6)
  3 mummies (Ossuary)
  A howler monkey zombie (D:5)
  3 gnolls (D:2)
  15 adders
  4 shadow imps
  An ooze (D:4)
  4 adder skeletons
  2 worms
  3 dart slugs
  7 leopard geckos
  36 orcs
  7 bats
  7 giant cockroaches
  12 goblins
  9 hobgoblins
  12 jackals
  11 quokkas
  7 frilled lizards
  21 kobolds
  8 rats
  3 plants
330 creatures vanquished.

Vanquished Creatures (others)
  4 orcs (D:12)
4 creatures vanquished.

Grand Total: 334 creatures vanquished

Notes
Turn   | Place    | Note
-------+----------+-------------------------------------------
     0 | D:1      | Sunsnapper the Kobold Hunter began the quest for the Orb.
     0 | D:1      | Reached XP level 1. HP: 12/12 MP: 1/1
   111 | D:1      | Reached skill level 5 in Crossbows
   114 | D:1      | Reached XP level 2. HP: 17/17 MP: 2/2
   462 | D:1      | Reached XP level 3. HP: 21/21 MP: 3/3
  1291 | D:2      | Reached XP level 4. HP: 24/26 MP: 4/4
  1292 | D:2      | Noticed Terence
  1304 | D:2      | Killed Terence
  1424 | D:2      | Reached skill level 6 in Crossbows
  1485 | D:3      | Noticed Natasha
  1721 | D:2      | Reached XP level 5. HP: 30/30 MP: 5/5
  2006 | D:3      | Killed Natasha
  2023 | D:3      | Found a shadowy altar of Dithmenos.
  2043 | D:3      | Reached skill level 5 in Dodging
  2043 | D:3      | Reached XP level 6. HP: 31/35 MP: 6/6
  2141 | D:3      | Noticed Natasha
  2148 | D:3      | Killed Natasha
  2298 | D:3      | Reached skill level 7 in Crossbows
  2521 | D:4      | Noticed an ogre
  2561 | D:3      | Noticed Ijyb
  2575 | D:3      | Killed Ijyb
  2641 | D:4      | Noticed Eustachio
  2683 | D:3      | Noticed Natasha
  2688 | D:3      | Killed Natasha
  2846 | D:4      | Noticed an ogre
  2868 | D:3      | Reached XP level 7. HP: 6/40 MP: 7/7
  2887 | D:3      | Killed Eustachio
  3112 | D:4      | Reached skill level 8 in Crossbows
  3425 | D:5      | Entered Level 5 of the Dungeon
  3437 | D:4      | Found a glowing golden altar of the Shining One.
  3442 | D:4      | Found an ornate altar of the Wu Jian Council.
  3447 | D:4      | Found a sacrificial altar of Ru.
  3447 | D:4      | Found a shattered altar of Ashenzari.
  3447 | D:4      | Found a shimmering altar of Xom.
  3448 | D:4      | Found a burning altar of Makhleb.
  3465 | D:4      | Found a white marble altar of Elyvilon.
  3598 | D:4      | Reached XP level 8. HP: 43/44 MP: 8/8
  3772 | D:4      | Noticed Grinder
  3775 | D:4      | Paralysed by Grinder for 7 turns
  3869 | D:4      | Paralysed by Grinder for 3 turns
  3875 | D:4      | Paralysed by Grinder for 2 turns
  3878 | D:4      | Killed Grinder
  3878 | D:4      | Reached skill level 9 in Crossbows
  4417 | D:5      | Found Bokozxesh's Book Boutique.
  4435 | D:5      | Found a blossoming altar of Fedhas.
  4621 | D:5      | Found a staircase to the Ecumenical Temple.
  4630 | Temple   | Entered the Ecumenical Temple
  4811 | Temple   | Became a worshipper of Warmaster Okawaru
  4949 | D:6      | Noticed a troll
  5120 | D:5      | Killed a troll
  5422 | D:6      | Reached skill level 10 in Crossbows
  5427 | D:6      | Reached * piety under Okawaru
  5427 | D:6      | Reached XP level 9. HP: 43/48 MP: 9/9
  5677 | D:7      | Found a runed door.
  5739 | D:7      | Reached skill level 10 in Dodging
  5751 | D:7      | Reached skill level 11 in Crossbows
  5773 | D:7      | Reached ** piety under Okawaru
  5873 | D:7      | Noticed Duvessa
  5886 | D:7      | Noticed Dowan
  5901 | D:7      | Killed Duvessa
  5904 | D:7      | Killed Dowan
  5976 | D:7      | Noticed Prince Ribbit
  5987 | D:7      | Killed Prince Ribbit
  6057 | D:7      | Noticed Joseph
  6076 | D:7      | Killed Joseph
  6076 | D:7      | Reached *** piety under Okawaru
  6076 | D:7      | Reached XP level 10. HP: 38/53 MP: 10/10
  6103 | D:7      | Found the +10 large shield of Ignorance {rN+ Int-4}
  6106 | D:7      | Found a runed door.
  6113 | D:7      | Reached skill level 12 in Crossbows
  6246 | D:7      | Found a sand-covered staircase.
  6264 | Ossuary  | Entered an ossuary
  6561 | Ossuary  | Received a gift from Okawaru
  6948 | D:6      | Received a gift from Okawaru
  6953 | D:6      | Reached skill level 1 in Short Blades
  7157 | D:6      | Found a radiant altar of Vehumet.
  7162 | D:6      | Found a snail-covered altar of Cheibriados.
  8079 | D:7      | Found a glowing silver altar of Zin.
  8216 | D:7      | Noticed an orange crystal statue
  8628 | D:8      | Reached skill level 13 in Crossbows
  8654 | D:8      | Received a gift from Okawaru
  8748 | D:8      | Noticed Psyche
  8760 | D:8      | Killed Psyche
  9539 | D:9      | Reached **** piety under Okawaru
  9539 | D:9      | Reached skill level 5 in Stealth
  9561 | D:9      | Reached XP level 11. HP: 52/57 MP: 11/11
  9667 | D:10     | Entered Level 10 of the Dungeon
  9717 | D:9      | Noticed a two-headed ogre
  9732 | D:9      | Killed a two-headed ogre
  9732 | D:9      | Reached skill level 14 in Crossbows
 10424 | D:10     | Reached ***** piety under Okawaru
 10424 | D:10     | Received a gift from Okawaru
 10525 | D:10     | Found a staircase to the Lair.
 10719 | D:10     | Received a gift from Okawaru
 10873 | D:10     | Killed an unseen horror
 10873 | D:10     | Reached skill level 15 in Crossbows
 11263 | D:11     | Reached skill level 5 in Short Blades
 11420 | D:11     | Reached XP level 12. HP: 62/62 MP: 12/12
 11492 | D:11     | Reached skill level 16 in Crossbows
 11772 | D:12     | Killed from afar by an electric eel

Vault maps used:
D:1:      matt_arrival_refuge, serial_bayou_lagoon_a, minmay_hexomino_c4
D:2:      first_bread, uniq_terence
D:3:      lemuel_crystal_altar, uniq_ijyb, uniq_natasha
D:4:      minitemple, kennysheep_generic_room_15, uniq_grinder, uniq_eustachio
D:5:      temple_hall, serial_shops, shop, fedhas_altar_4
D:6:      cheibriados_altar_1, overflow_temple_1_default
D:7:      kennysheep_little_box, nicolae_ossuary_entry_false_entrances,
          chequers_guarded_unrand_ignorance, uniq_prince_ribbit1, uniq_duvessa,
          uniq_joseph
D:8:      uniq_psyche
D:10:     minmay_lair_entry_grove
D:12:     hiddenorc2_lemuel, portal_ice_cave_entry_ice_beasts,
          hangedman_fish_farm, chequers_big_river, minmay_misc_feat_room,
          minmay_guarded_unrand_resistance
Temple:   minmay_temple_curvy_loop
Ossuary:  ossuary_minmay_four_chambers

Skill      XL: |  1  2  3  4  5  6  7  8  9 10 11 12 |
---------------+-------------------------------------+-----
Crossbows      | 5 6 7 8 10 11 13 15 16 | 16.3
Dodging        | 3 4 5 6 7 9 11 12 | 12.0
Short Blades   | 1 5 6 |  6.7
Stealth        | 5 7 |  7.0
Fighting       | |  2.1

Action                   |  1- 3 |  4- 6 |  7- 9 | 10-12 || total
-------------------------+-------+-------+-------+-------++-------
Melee: Short sword       |     1 |       |       |   223 ||   224
       Dagger            |       |       |       |    81 ||    81
       Arbalest          |       |       |       |     5 ||     5
 Fire: Hand crossbow     |    74 |   174 |   327 |   146 ||   721
       Arbalest          |       |       |       |   543 ||   543
Invok: Heroism           |       |       |       |     1 ||     1
  Use: Scroll            |       |     1 |     2 |    22 ||    25
       Potion            |       |       |     3 |     6 ||     9
  Eat: Chunk             |     9 |     5 |     9 |    29 ||    52
       Royal jelly       |       |       |       |     1 ||     1
Armor: Leather armour    |    10 |     8 |     6 |       ||    24
       Troll leather arm |       |       |    17 |    89 ||   106
Dodge: Dodged            |    27 |    65 |   246 |   699 ||  1037
Block: Other             |       |       |       |    45 ||    45
       Reflection        |       |       |       |     2 ||     2

Table legend:
 A = Spawn XP
 B = Non-spawn XP
 C = Spawn XP percentage of total XP
 D = Spawn monster count
 E = Non-spawn monster count
 F = Spawn count percentage of total count
 G = Total turns spent on level
                    A         B        C        D         E        F      G
               +---------+---------+-------+---------+---------+-------+---------
         Total |       0 |   17535 |   0.0 |       0 |     327 |   0.0 | 11772
               +---------+---------+-------+---------+---------+-------+---------
           D:1 |       0 |      46 |   0.0 |       0 |      26 |   0.0 |  1128
           D:2 |       0 |     130 |   0.0 |       0 |      29 |   0.0 |   862
           D:3 |       0 |     567 |   0.0 |       0 |      40 |   0.0 |  1103
           D:4 |       0 |     667 |   0.0 |       0 |      17 |   0.0 |  1181
           D:5 |       0 |     490 |   0.0 |       0 |      19 |   0.0 |   811
           D:6 |       0 |     895 |   0.0 |       0 |      28 |   0.0 |  1460
           D:7 |       0 |    2060 |   0.0 |       0 |      24 |   0.0 |  1208
           D:8 |       0 |    1492 |   0.0 |       0 |      25 |   0.0 |   894
           D:9 |       0 |    2202 |   0.0 |       0 |      20 |   0.0 |   778
          D:10 |       0 |    2881 |   0.0 |       0 |      36 |   0.0 |   891
          D:11 |       0 |    4233 |   0.0 |       0 |      28 |   0.0 |   456
          D:12 |       0 |     917 |   0.0 |       0 |      20 |   0.0 |   205
       Ossuary |       0 |     955 |   0.0 |       0 |      15 |   0.0 |   521
               +---------+---------+-------+---------+---------+-------+---------
